 Dungeon Crawl Stone Soup version 0.29.1-15-g9cfb28693d (webtiles) character file.

Game seed: 9912709147476594912

382 EarthwalkerPL the Trooper (level 6, -2/56 HPs)
             Began as a Minotaur Fighter on Apr 9, 2023.
             Was a Follower of Okawaru.
             Slain by an orc warrior
             ... wielding a +0 glaive
              (14 damage)
             ... on level 5 of the Dungeon.
             The game lasted 00:04:46 (3481 turns).

EarthwalkerPL the Trooper (Minotaur Fighter)        Turns: 3481, Time: 00:04:46

Health: -2/56      AC:  8    Str: 23    XL:     6   Next: 47%
Magic:  5/5        EV:  9    Int:  5    God:    Okawaru [*.....]
Gold:   200        SH:  4    Dex:  9    Spells: 5/5 levels left

rFire   . . .      SeeInvis .   a - +0 war axe
rCold   . . .      Faith    .   c - +0 buckler
rNeg    . . .      Spirit   .   b - +0 scale mail
rPois   .          Reflect  .   (helmet restricted)
rElec   .          Harm     .   (no cloak)
rCorr   .          Rampage  .   v - +0 pair of gloves
Will    .....                   (no boots)
Stlth   ..........              p - amulet of regeneration
HPRegen 0.98/turn               (no ring)
MPRegen 0.09/turn               (no ring)

@: no status effects
A: horns 2, retaliatory headbutt
a: Renounce Religion, Heroism


You were on level 5 of the Dungeon.
You worshipped Okawaru.
Okawaru was aware of your devotion.
You visited 1 branch of the dungeon, and saw 5 of its levels.
You also visited: Sewer.

You collected 200 gold pieces.

Inventory:

Hand Weapons
 a - a +0 war axe (weapon)
Missiles
 j - 6 boomerangs (quivered)
 o - 5 atropa-tipped darts
 y - 7 poisoned darts
 A - 6 datura-tipped darts
Armour
 b - a +0 scale mail (worn)
 c - a +0 buckler (worn)
 v - a +0 pair of gloves (worn)
Jewellery
 p - an amulet of regeneration (around neck)
 q - an amulet of reflection
 B - a ring of see invisible
Wands
 D - a wand of mindburst (15)
Scrolls
 e - a scroll of magic mapping {unknown}
 f - 5 scrolls of identify {unknown}
 g - a scroll of noise {unknown}
 h - a scroll of enchant weapon {unknown}
 i - a scroll of summoning {unknown}
 l - 3 scrolls of amnesia {unknown}
 m - 5 scrolls of teleportation {unknown}
 n - 2 scrolls of immolation {unknown}
 s - a scroll of vulnerability {unknown}
 u - a scroll of fog {unknown}
 z - a scroll of brand weapon {unknown}
Potions
 d - 2 potions of might
 k - 4 potions of curing {unknown}
 r - a potion of flight {unknown}
 t - 2 potions of ambrosia {unknown}
 w - a potion of brilliance {unknown}
 x - a potion of lignification {unknown}
 C - 2 potions of haste {unknown}


   Skills:
 * Level 5.5 Fighting
 * Level 4.5 Axes
 + Level 0.6 Throwing
 * Level 5.5 Armour
 + Level 0.7 Dodging
 + Level 4.7 Shields
 + Level 0.7 Invocations


You had 5 spell levels left.
You didn't know any spells.
Your spell library contained the following spells:

 Spells                   Type           Power      Damage    Failure   Level
 Beastly Appendage        Tmut           0%         N/A       86%         1
 Wereblood                Tmut           0%         N/A       94%         2
 Portal Projectile        Hex/Tloc       0%         N/A       99%         3
 Spider Form              Tmut/Pois      0%         N/A       99%         3
 Blade Hands              Tmut           0%         N/A       100%        5
 Tukima's Dance           Hex            Unusable   N/A       N/A         3

Dungeon Overview and Level Annotations

Branches:
Dungeon (5/15)              Sewer (visited)
 Temple: D:4-7

Altars:
Dithmenos
Fedhas
Gozag
Hepliaklqana
Nemelex Xobeh
Okawaru
Qazlal
The Shining One

Shops:
D:4 [


Innate Abilities, Weirdness & Mutations

You have a pair of horns on your head.
You reflexively headbutt those who attack you in melee.


Message History

The orc priest hits you with a +0 hand axe.
The hound bites you but does no damage.
The orc priest hits you but does no damage.
The orc barely misses you. The orc warrior closely misses you.
The hound attacks as you move away! The hound bites you.
The orc attacks as you move away! The orc barely misses you.
The hound bites you but does no damage.
You barely miss the orc priest.
The orc priest is moderately wounded.
You closely miss the hound. You closely miss the orc warrior.
You block the hound's attack.
The orc priest hits you but does no damage.
The hound bites you but does no damage.
Unknown command.
You hit the orc warrior but do no damage.
Your headbutt misses the orc warrior. You closely miss the hound.
You hit the orc priest but do no damage.
The hound barely misses you. The orc warrior barely misses you.
You furiously retaliate!
You headbutt the orc warrior.
The orc priest hits you with a +0 hand axe.
The hound closely misses you. You furiously retaliate!
You headbutt the hound! You barely miss the orc warrior.
Your headbutt misses the orc warrior.
The orc warrior is moderately wounded.
You barely miss the hound. You barely miss the orc priest.
The orc warrior closely misses you. You furiously retaliate!
You headbutt the orc warrior!
The orc priest invokes the aid of Beogh against you.
Beogh smites you!
* * * LOW HITPOINT WARNING * * *
The hound closely misses you.
The orc priest looks satisfied for a moment.
The orc warrior hits you with a +0 glaive.
* * * LOW HITPOINT WARNING * * *
The hound bites you but does no damage.
You closely miss the orc warrior.
The orc warrior is severely wounded.
You hit the orc priest. You closely miss the hound.
The hound bites you but does no damage.
The orc warrior hits you with a +0 glaive!
You die...

### .... #+# ..... #.#
......#### #.######
.........# ##.#....#
......##@########..#....#
......ohoo{.............#
.......##########.#......
....... ###).#......
#+####. #...##...... #.
#.o..##....... #.
#(8.#.#.....#. #. (..#$
##....##. #. #.#..#.
#....####


You could see an orc warrior, a hound, an orc priest and an orc.

Vanquished Creatures
  A phantom (D:4)
  2 scorpions (D:4)
  An iguana (D:4)
  A hell rat (Sewer)
  4 adders
  2 river rats (Sewer)
  3 dart slugs
  3 orcs
  5 ball pythons
  5 endoplasms
  7 goblins
  10 hobgoblins
  3 jackals (D:3)
  6 quokkas
  4 bats
  5 frilled lizards
  7 giant cockroaches
  5 kobolds
  8 rats
82 creatures vanquished.

Notes
Turn   | Place    | Note
-------+----------+-------------------------------------------
     0 | D:1      | EarthwalkerPL the Minotaur Fighter began the quest for the
                  | Orb.
     0 | D:1      | Reached XP level 1. HP: 19/19 MP: 0/0
   106 | D:1      | Found a faded altar of an unknown god.
   226 | D:1      | Reached XP level 2. HP: 27/27 MP: 1/1
  1216 | D:2      | Reached XP level 3. HP: 23/33 MP: 2/2
  1819 | D:3      | Reached XP level 4. HP: 41/41 MP: 3/3
  2102 | D:3      | Found an opulent altar of Gozag.
  2102 | D:3      | Found a sparkling altar of Nemelex Xobeh.
  2116 | D:3      | Found a hazy altar of Hepliaklqana.
  2117 | D:3      | Identified the +1 leather armour "Otynn" {-Cast rElec rN+
                  | Stlth+}
  2119 | D:3      | Found a blossoming altar of Fedhas.
  2135 | D:3      | Found a stormy altar of Qazlal.
  2141 | D:3      | Found a glowing golden altar of the Shining One.
  2157 | D:3      | Found an iron altar of Okawaru.
  2162 | D:3      | Became a worshipper of Warmaster Okawaru
  2701 | D:4      | Found Saptep's Armour Boutique.
  2758 | D:4      | Noticed a scorpion
  2769 | D:4      | Killed a scorpion
  2770 | D:4      | Reached XP level 5. HP: 34/47 MP: 4/4
  2817 | D:4      | Found a glowing drain.
  2832 | Sewer    | Entered a sewer
  2844 | Sewer    | Reached skill level 5 in Fighting
  2844 | Sewer    | Reached skill level 5 in Armour
  3043 | D:4      | Noticed a phantom
  3051 | D:4      | Killed a phantom
  3052 | D:4      | Reached XP level 6. HP: 55/56 MP: 5/5
  3081 | D:4      | Found a shadowy altar of Dithmenos.
  3124 | D:4      | Reached * piety under Okawaru
  3438 | D:5      | Entered Level 5 of the Dungeon
  3458 | D:5      | Noticed an orc warrior
  3481 | D:5      | Slain by an orc warrior

Illustrated notes

Levels and vault maps discovered:
D:1:      dpeg_arrival_windows_large_door, layout_basic,
          hellmonk_ecumenical_altar_slurped_away, minmay_tripent
D:2:      layout_basic, hangedman_decor_growths
D:3:      layout_loops_corners, grunt_temple_overflow_octagram
D:4:      layout_loops_ring, old_standard_altar, portal_sewer_entry_f,
          serial_shops, nicolae_lakefront_shop, st_stairs_2
D:5:      layout_basic, guppyfry_early_orc_mine

Skill      XL: |  1  2  3  4  5 |
---------------+----------------+-----
Fighting       | 4 5 |  5.5
Armour         | 4 5 |  5.5
Axes           | 3 4 |  4.5
Shields        | 4 |  4.7
Throwing       | |  0.6
Dodging        | |  0.7
Invocations    | |  0.7

Action                   |  1- 3 |  4- 6 || total
-------------------------+-------+-------++-------
Melee: War axe           |    76 |   138 ||   214
       Headbutt          |     9 |    14 ||    23
Throw: Boomerang         |       |     6 ||     6
Armor: Scale mail        |    30 |    68 ||    98
Dodge: Dodged            |    36 |    75 ||   111
Block: Buckler           |    11 |    35 ||    46
